 Dungeon Sprint DCSS version 0.26-a0-667-g92642533e4 (webtiles) character file.

Game seed: 17131447788537081585

1874285 Conn the Archmage (level 27, 101/176 HPs)
             Began as an Octopode Hedge Wizard on Oct 18, 2020.
             Was the Champion of Vehumet.
             Escaped with the Orb!
             The game lasted 02:39:16 (5674 turns).

Conn the Archmage (Octopode Hedge Wizard)           Turns: 5674, Time: 02:39:17

Health: 101/176    AC:  6    Str: 14    XL:     27
Magic:  10/81      EV: 20    Int: 45    God:    Vehumet [******]
Gold:   15481      SH: 19    Dex: 13    Spells: 1/80 levels left

rFire    + + +     SeeInvis +   a - +9 demon trident (freeze)
rCold    + . .     Faith    .   z - +3 kite shield of the Hanged Man {rPois MR+ rCorr Str-4}
rNeg     + . .     Spirit   .   d - +1 hat "Yvvasiol" {rF+ rN+}
rPois    +         Reflect  +   D - amulet "Voreluk" {Reflect +Inv Str+4 Int+3 SH+5 Stlth+}
rElec    +         Harm     .   m - ring of Zuvvada {MP+9 AC+4}
rCorr    +         Rampage  .   o - ring of Pomaemp {MR++ Int+6 Slay-3}
MR       +++++     NoTele   +   p - ring of Zilud {+Fly MP+9 Int+2}
Stlth    ++........             t - ring "Biattovy" {rF+ MR+ Str+6 Slay+6}
HPRegen  0.39/turn              u - ring of the Howling Pariah {rElec rC+ Str+2 Int+4 Dex+4}
MPRegen  0.47/turn              J - ring of see invisible
                                w - ring "Gywnox" {rPois rC+ Str-4 Int+2} (curse)
                                y - ring "Ecrimaas" {+Fly rC- MR++ MP+9 Dex-3}

@: no status effects
A: almost no armour, stealthy swim, amphibious, 8 rings, constrict 8, camouflage
1, fire resistance 1, screaming 1, wild magic 1, gelatinous body 1
0: Orb of Zot
}: 7/15 runes: serpentine, barnacled, slimy, silver, obsidian, bone, mossy
a: Renounce Religion, Evoke Invisibility, Evoke Flight


You escaped.
You worshipped Vehumet.
Vehumet was exalted by your worship.
You visited 1 branch You collected 28150 gold pieces.
You spent 12669 gold pieces at shops.

Inventory:

Hand Weapons
 a - a +9 demon trident of freezing (weapon)
 c - the +3 sling "Punk" {acid, rCorr}
   (You found it in the Dungeon)

   It provides partial protection from all sources of acid and corrosion.
 g - a +0 dagger
Armour
 d - the +1 hat "Yvvasiol" (worn) {rF+ rN+}
   (You bought it in a shop in the Dungeon)

   It protects you from fire.
   It protects you from negative energy.
 h - a +0 hat
 s - the +1 buckler of the Arcane {rElec rC+ MP-9 Str+4}
   (You bought it in a shop in the Dungeon)

   It affects your strength (+4).
   It protects you from cold.
   It insulates you from electricity.
   It affects your magic capacity (-9).
 x - the +2 buckler "Aqanafot" {Int-5 Dex+4}
   (You bought it in a shop in the Dungeon)

   It affects your intelligence (-5).
   It affects your dexterity (+4).
 z - the +3 kite shield of the Hanged Man (worn) {rPois MR+ rCorr Str-4}
   (You bought it in a shop in the Dungeon)

   It affects your strength (-4).
   It protects you from poison.
   It affects your resistance to hostile enchantments.
   It provides partial protection from all sources of acid and corrosion.
 H - the +0 hat of Xanoamak {+Blink rPois MR+}
   (You found it in the Dungeon)

   It protects you from poison.
   It affects your resistance to hostile enchantments.
   It lets you blink.
 O - the -3 hat of the Lumpy Seers {rN+, unknown}
   (You found it in the Dungeon)

   It protects you from negative energy.
 P - the +2 tower shield of the Clam {rCorr Str+2 Int-2 Dex+4}
   (You bought it in a shop in the Dungeon)

   It affects your strength (+2).
   It affects your intelligence (-2).
   It affects your dexterity (+4).
   It provides partial protection from all sources of acid and corrosion.
Magical Staves
 b - an uncursed staff of conjuration
 I - an uncursed staff of fire
Jewellery
 m - the ring of Zuvvada (left tentacle) {MP+9 AC+4}
   (You bought it in a shop in the Dungeon)

   [ring of protection]

   It affects your AC (+4).
   It affects your magic capacity (+9).
 n - the amulet "Hicsaull" {Faith +Fly rF+ Str+4}
   (You bought it in a shop in the Dungeon)

   [amulet of faith]

   It allows you to gain divine favour quickly.
   It affects your strength (+4).
   It protects you from fire.
   It lets you fly.
 o - the ring of Pomaemp (right tentacle) {MR++ Int+6 Slay-3}
   (You bought it in a shop in the Dungeon)

   [ring of intelligence]

   It affects your intelligence (+6).
   It affects your accuracy and damage with ranged weapons and melee attacks
   (-3).
   It affects your resistance to hostile enchantments.
 p - the ring of Zilud (on tentacle) {+Fly MP+9 Int+2}
   (You bought it in a shop in the Dungeon)

   [ring of flight]

   It affects your intelligence (+2).
   It affects your magic capacity (+9).
   It lets you fly.
 t - the ring "Biattovy" (on tentacle) {rF+ MR+ Str+6 Slay+6}
   (You bought it in a shop in the Dungeon)

   [ring of strength]

   It affects your strength (+6).
   It affects your accuracy and damage with ranged weapons and melee attacks
   (+6).
   It protects you from fire.
   It affects your resistance to hostile enchantments.
 u - the ring of the Howling Pariah (on tentacle) {rElec rC+ Str+2 Int+4 Dex+4}
   (You bought it in a shop in the Dungeon)

   [ring of protection from cold]

   It affects your strength (+2).
   It affects your intelligence (+4).
   It affects your dexterity (+4).
   It protects you from cold.
   It insulates you from electricity.
 v - the ring "Kazer" {rElec AC+4}
   (You bought it in a shop in the Dungeon)

   [ring of protection]

   It affects your AC (+4).
   It insulates you from electricity.
 w - the cursed ring "Gywnox" (on tentacle) {rPois rC+ Str-4 Int+2}
   (You bought it in a shop in the Dungeon)

   [ring of strength]

   It affects your strength (-4).
   It affects your intelligence (+2).
   It protects you from cold.
   It protects you from poison.
   It has a curse placed upon it.
 y - the ring "Ecrimaas" (on tentacle) {+Fly rC- MR++ MP+9 Dex-3}
   (You bought it in a shop in the Dungeon)

   [ring of magical power]

   It affects your dexterity (-3).
   It makes you vulnerable to cold.
   It affects your resistance to hostile enchantments.
   It affects your magic capacity (+9).
   It lets you fly.
 A - the ring of Ryzuaged {MR+ Str+3 Dex+4}
   (You bought it in a shop in the Dungeon)

   [ring of protection from magic]

   It affects your strength (+3).
   It affects your dexterity (+4).
   It affects your resistance to hostile enchantments.
 C - an uncursed ring of fire {unknown}
 D - the amulet "Voreluk" (around mantle) {Reflect +Inv Str+4 Int+3 SH+5 Stlth+}
   (You found it in the Dungeon)

   [amulet of reflection]

   It shields you and reflects attacks.
   It affects your strength (+4).
   It affects your intelligence (+3).
   It lets you turn invisible.
   It affects your SH (+5).
   It makes you more stealthy.
 E - the ring "Doestrur" {rN+ Str+3}
   (You bought it in a shop in the Dungeon)

   [ring of positive energy]

   It affects your strength (+3).
   It protects you from negative energy.
 F - the ring "Xyahys" {*Drain +Blink rN++ Str+2 Stlth+}
   (You bought it in a shop in the Dungeon)

   [ring of stealth]

   It affects your strength (+2).
   It greatly protects you from negative energy.
   It lets you blink.
   It causes draining when unequipped.
   It makes you more stealthy.
 G - the ring "Goipigy" {rC+ MR+}
   (You bought it in a shop in the Dungeon)

   [ring of protection from magic]

   It protects you from cold.
   It affects your resistance to hostile enchantments.
 J - a ring of see invisible (on tentacle)
Wands
 q - a wand of flame (19)
Scrolls
 i - 7 scrolls of blinking
 j - 3 scrolls of amnesia
 k - 3 scrolls of fog
 B - a scroll of enchant weapon
Potions
 e - 10 potions of heal wounds
 f - 7 potions of haste
 l - 4 potions of resistance
 K - 18 potions of magic
 L - 10 potions of curing
 M - 5 potions of berserk rage
 N - 7 potions of brilliance
 R - a potion of experience
Miscellaneous
 r - the horn of Geryon
 Q - a phantom mirror


   Skills:
 + Level 11.7 Fighting
 + Level 9.1 Polearms
 + Level 13.4 Dodging
 - Level 10.2 Stealth
 + Level 11.0 Shields
 O Level 27 Spellcasting
 O Level 27 Conjurations
 * Level 22.8 Summonings
 + Level 15.2 Translocations
 O Level 27 Fire Magic
 * Level 22.8 Ice Magic
 + Level 16.8 Air Magic
 + Level 15.3 Earth Magic
 - Level 5.0 Poison Magic
 + Level 6.2 Evocations


You had one spell level left.
You knew the following spells:

 Your Spells              Type           Power        Failure   Level
a - Magic Dart            Conj           ####         1%          1
b - Blink                 Tloc           N/A          1%          2
c - Call Imp              Summ           ########     1%          2
d - Conjure Flame         Conj/Fire      ########     1%          3
e - Mephitic Cloud        Conj/Pois/Air  ########     1%          3
f - Shock                 Conj/Air       ####         1%          1
g - Foxfire               Conj/Fire      ####         1%          1
h - Frozen Ramparts       Ice            ######       1%          3
i - Summon Horrible Thin  Summ           ########..   1%          8
j - Iskenderun's Battles  Conj           ########     1%          5
k - Airstrike             Air            ########..   1%          4
l - Bolt of Magma         Conj/Fire/Erth ########..   1%          5
m - Ignition              Fire           #########.   1%          8
n - Orb of Destruction    Conj           #########.   1%          7
o - Lehudib's Crystal Sp  Conj/Erth      ########..   1%          8
p - Fire Storm            Conj/Fire      #########.   1%          9
q - Absolute Zero         Ice            ########..   1%          9

Your spell library contained the following spells:

 Spells                   Type           Power        Failure   Level
 Slow                     Hex            ######..     1%          2
 Sticky Flame             Conj/Fire      ########     1%          4
 Starburst                Conj/Fire      #########.   1%          6
 Malign Gateway           Summ/Tloc      ########..   1%          7
 Monstrous Menagerie      Summ           ########..   1%          7
 Summon Greater Demon     Summ           ########..   1%          7


Dungeon Overview and Level Annotations

Branches:
Dungeon (1/1)

Altars:
Cheibriados
Dithmenos
Fedhas
Gozag
Kikubaaqudgha
Makhleb
Okawaru
Qazlal
Ru
Sif Muna
Trog
Uskayaw
Vehumet
Wu Jian
Xom
Yredelemnul
Zin
The Shining One
Beogh
Jiyva
Lugonu

Shops:
D *[??*?*:[((!!!


Innate Abilities, Weirdness & Mutations

You cannot wear most types of armour.
You are very stealthy in the water. (Stealth+)
You are amphibious.
You can wear up to eight rings at the same time.
You can use your tentacles to constrict eight enemies at once.
Your skin changes colour to match your surroundings (Stealth+).
Your rubbery body absorbs attacks. (AC +1, EV +1)
Your flesh is heat resistant. (rF+)
You occasionally shout uncontrollably at your foes.
Your spells are a little harder to cast, but a little more powerful.


Message History

A rune of Zot has appeared.
The exit has re-opened... for now.
You have won a prize for killing the boss!
Score multiplier: 41x You now have 267755 arena points (gained 23001).
Your Polearms skill increases to level 9!
Your Shields skill increases to level 11!
Your Summonings skill increases to level 22!
Your Translocations skill increases to level 15!
Your Earth Magic skill increases to level 15!
O - an encrusted hat;
R - a potion of experience You pick up the obsidian rune and feel its power.
You now have 7 runes.
Press } to see all the runes you have collected.
You now have 15481 gold pieces (gained 1650).
A lorocyproca, a pandemonium lord and 2 large abominations come into view.
The large abomination moves out of view.
The lorocyproca moves out of view.
The large abomination moves out of view.
There is a staircase leading out of the dungeon here.
You have escaped!

#_.[...8[_# ###[...[[)..###
#⌠...)[[..)..)#
######.8X[.).(.[.8.######
##._._......###......___∩##
###∩........8.# #.8........∩###
##.....).[[..[.###.&..&........##
#⌠.[...[v..)###...###...)......⌠#
#⌠(....[[..)# #.@.# #...).[....⌠#
#⌠......v([)###...###......2...⌠#
##.....v()v)(..###X..X(.[..X...##
###∩...(.)((8.# #.8..).....∩###
##∩___[)(.[.###).....__.∩##
######.8)(((.....8.######
#⌠..).)[.....⌠# ###)[..(....###
#_..[...._#


You could see Jimit, an Orb Guardian and a large abomination.

Vanquished Creatures
  Asmodeus (D)
  Mennas (D)
  Ereshkigal (D)
  2 orbs of fire (D)
  4 ancient liches (D)
  Frederick (D)
  Agnes (D)
  3 Killer Klowns (D)
  Geryon (D)
  9 pandemonium lords (D)
  2 electric golems (D)
  5 liches (D)
  3 Hell Sentinels (D)
  10 Ice Fiends (D)
  8 Orb Guardians (D)
  4 sphinxes (D)
  A merfolk avatar (D)
  A daeva (D)
  2 revenants (D)
  An iron dragon (D)
  A ghoul (D)
  A balrug (D)
  5 reapers (D)
  2 stone giants (D)
  A vampire knight (D)
  An ophan (D)
  A dire elephant (D)
  A lorocyproca (D)
  2 white draconians (D)
  A deep elf death mage (D)
  3 blizzard demons (D)
  A mummy priest (D)
  2 green deaths (D)
  2 great orbs of eyes (D)
  10 ogre magi (D)
  A vault guard (D)
  2 hydras (D)
  14 catoblepae (D)
  A hell beast (D)
  2 anacondas (D)
  A death knight (D)
  A death yak (D)
  5 two-headed ogres (D)
  9 vampire magi (D)
  A death scarab (D)
  2 hell hogs (D)
  4 hell knights (D)
  5 soul eaters (D)
  2 iron trolls (D)
  A sun demon (D)
  An iron golem (D)
  2 shadow demons (D)
  A flayed ghost (D)
  3 shadow wraiths (D)
  13 skeletal warriors (D)
  A phantasmal warrior (D)
  A naga ritualist (D)
  2 necromancers (D)
  An elephant (D)
  A shining eye (D)
  2 deep elf magi (D)
  6 moths of wrath (D)
  5 naga magi (D)
  6 rust devils (D)
  A black mamba (D)
  A water nymph (D)
  5 eyes of devastation (D)
  A smoke demon (D)
  2 orange demons (D)
  A rime drake (D)
  7 hellions (D)
  3 cane toads (D)
  14 tormentors (D)
  4 hellwings (D)
  A komodo dragon (D)
  4 ice devils (D)
  6 guardian mummies (D)
  2 red devils (D)
  2 polar bears (D)
  2 slime creatures (D)
  Sigmund (D)
  2 golden eyes (D)
  18 neqoxecs (D)
  4 water moccasins (D)
  A soldier ant (D)
  4 hell hounds (D)
  A floating eye (D)
  4 ice beasts (D)
  6 sky beasts (D)
  An eye of draining (D)
  A wolf (D)
  A bullfrog (D)
  4 earth elementals (D)
  A killer bee (D)
  A crimson imp (D)
  Terence (D)
  3 worker ants (D)
  14 mummies (D)
  A shadow imp (D)
  3 white imps (D)
  An adder zombie (D)
  An adder simulacrum (D)
  An orc (D)
  A bat zombie (D)
  A goblin (D)
  A hobgoblin (D)
  4 kobolds (D)
  A ball python skeleton (D)
  A bat simulacrum (D)
  A leopard gecko zombie (D)
  A quokka skeleton (D)
  A quokka zombie (D)
  2 blocks of ice (D)
  2 fire vortices (D)
338 creatures vanquished.

Vanquished Creatures (collateral kills)
  2 neqoxecs (D)
  A worker ant (D)
3 creatures vanquished.

Vanquished Creatures (others)
  An eldritch tentacle (D)
  5 kobolds (D)
  A block of ice (D)
  70 fire vortices (D)
  59 foxfires (D)
136 creatures vanquished.

Grand Total: 477 creatures vanquished

Notes
Turn   | Place    | Note
-------+----------+-------------------------------------------
     0 | D        | Conn the Octopode Hedge Wizard began the quest for the Orb.
     0 | D        | Reached XP level 1. HP: 11/11 MP: 4/4
     1 | D        | Found a basalt altar of Yredelemnul.
     1 | D        | Found a shimmering altar of Xom.
     3 | D        | Found a snail-covered altar of Cheibriados.
     3 | D        | Found a glowing golden altar of the Shining One.
     4 | D        | Found a sacrificial altar of Ru.
     4 | D        | Found a blossoming altar of Fedhas.
     4 | D        | Found Xijeeckoath's Identification Station.
     5 | D        | Found Ryul's Jewellery.
     5 | D        | Found Railiaw's Advanced Armour.
     5 | D        | Round 1.
     7 | D        | Found a roughly hewn altar of Beogh.
     8 | D        | Found Faenullu's Magic Scroll Shop.
     9 | D        | Found a radiant altar of Vehumet.
     9 | D        | Found a bloodstained altar of Trog.
     9 | D        | Found a shadowy altar of Dithmenos.
     9 | D        | Found Konetid's Staff Store.
     9 | D        | Found Sanaypp's Magic Scroll Shop.
     9 | D        | Found Giod's Must-Have Magic.
    13 | D        | Found a corrupted altar of Lugonu.
    14 | D        | Found a hide-covered altar of Uskayaw.
    17 | D        | Became a worshipper of Vehumet
    26 | D        | Noticed Sigmund
    30 | D        | Killed Sigmund
    30 | D        | Reached skill level 5 in Stealth
    30 | D        | Reached XP level 2. HP: 17/17 MP: 4/12
    30 | D        | Reached XP level 3. HP: 21/21 MP: 4/13
    30 | D        | Reached XP level 4. HP: 27/27 MP: 4/15
    30 | D        | Reached XP level 5. HP: 31/31 MP: 4/16
    34 | D        | Learned a level 2 spell: Blink
    37 | D        | Learned a level 2 spell: Call Imp
    41 | D        | Learned a level 3 spell: Conjure Flame
    45 | D        | Learned a level 3 spell: Mephitic Cloud
    51 | D        | Reached * piety under Vehumet
    51 | D        | Offered knowledge of Shock by Vehumet.
    54 | D        | Learned a level 1 spell: Shock
    61 | D        | Bought a brightly glowing silver ring for 45 gold pieces
    61 | D        | Bought a coiled pewter amulet for 45 gold pieces
    61 | D        | Bought a coiled amber ring for 45 gold pieces
    61 | D        | Bought a shimmering granite ring for 45 gold pieces
    62 | D        | Identified the ring of Zuvvada {MP+9 AC+4} (You bought it
                  | in a shop in the Dungeon)
    68 | D        | Identified the amulet "Hicsaull" {Faith +Fly rF+ Str+4}
                  | (You bought it in a shop in the Dungeon)
    68 | D        | Identified the ring of Pomaemp {MR++ Int+6 Slay-3} (You
                  | bought it in a shop in the Dungeon)
    69 | D        | Identified the ring of Zilud {+Fly MP+9 Int+2} (You bought
                  | it in a shop in the Dungeon)
    78 | D        | Found an ancient bone altar of Kikubaaqudgha.
    80 | D        | Found an ornate altar of the Wu Jian Council.
    80 | D        | Found a shimmering blue altar of Sif Muna.
    82 | D        | Found Uthruemm's Premium Goods.
    83 | D        | Found an iron altar of Okawaru.
    83 | D        | Found a viscous altar of Jiyva.
    83 | D        | Found a stormy altar of Qazlal.
    83 | D        | Found Ucver's Weapon Rack.
    83 | D        | Found Ihucsioj's Miscellaneous Merchandise.
    83 | D        | Found Cietsooc's Basic Armour.
    89 | D        | Found a glowing silver altar of Zin.
    90 | D        | Found an opulent altar of Gozag.
    92 | D        | Found Oshior's Do-It-Yourself Clinic.
    93 | D        | Found Xixuhapp's Bottled Wisdom.
    93 | D        | Found Pyt Late's Distillery.
    93 | D        | Found a burning altar of Makhleb.
    93 | D        | Found Nytheigu's Distillery.
    93 | D        | Noticed Terence
    99 | D        | Killed Terence
    99 | D        | Arena points: 12 (+12) [x2]
   156 | D        | Round 2.
   168 | D        | Reached ** piety under Vehumet
   168 | D        | Offered knowledge of Foxfire by Vehumet.
   168 | D        | Reached skill level 1 in Fire Magic
   168 | D        | Reached skill level 1 in Air Magic
   168 | D        | Reached skill level 1 in Poison Magic
   223 | D        | Reached XP level 6. HP: 28/36 MP: 18/18
   235 | D        | Reached *** piety under Vehumet
   235 | D        | Reached skill level 10 in Spellcasting
   283 | D        | Noticed a soldier ant
   288 | D        | Learned a level 1 spell: Foxfire
   304 | D        | Killed a soldier ant
   304 | D        | Offered knowledge of Frozen Ramparts by Vehumet.
   304 | D        | Arena points: 54 (+42) [x3]
   322 | D        | Round 3.
   323 | D        | Reached **** piety under Vehumet
   333 | D        | Learned a level 3 spell: Frozen Ramparts
   335 | D        | Noticed an ice beast
   350 | D        | Killed an ice beast
   350 | D        | Offered knowledge of Sticky Flame by Vehumet.
   350 | D        | Reached XP level 7. HP: 30/41 MP: 21/21
   356 | D        | Learned a level 4 spell: Sticky Flame
   367 | D        | Offered knowledge of Iskenderun's Battlesphere by Vehumet.
   374 | D        | Learned a level 5 spell: Iskenderun's Battlesphere
   379 | D        | Reached skill level 1 in Evocations
   396 | D        | Reached ***** piety under Vehumet
   396 | D        | Offered knowledge of Fireball by Vehumet.
   400 | D        | Arena points: 138 (+84) [x4]
   400 | D        | Reached skill level 5 in Conjurations
   464 | D        | Round 4.
   476 | D        | Reached skill level 5 in Poison Magic
   476 | D        | Reached XP level 8. HP: 37/46 MP: 23/23
   570 | D        | Offered knowledge of Airstrike by Vehumet.
   570 | D        | Reached skill level 5 in Dodging
   576 | D        | Learned a level 4 spell: Airstrike
   630 | D        | Arena points: 278 (+140) [x5]
   636 | D        | Bought a faintly glowing hat for 315 gold pieces
   646 | D        | Identified the +1 hat "Yvvasiol" {rF+ rN+} (You bought it
                  | in a shop in the Dungeon)
   673 | D        | Round 5.
   677 | D        | Noticed a naga ritualist
   687 | D        | Killed a naga ritualist
   687 | D        | Reached skill level 5 in Fire Magic
   687 | D        | Reached skill level 5 in Air Magic
   687 | D        | Reached XP level 9. HP: 16/52 MP: 26/26
   688 | D        | Noticed an anaconda
   689 | D        | Noticed a giant anaconda
   702 | D        | Killed an anaconda
   725 | D        | Killed a giant anaconda
   725 | D        | Arena points: 558 (+280) [x7]
   725 | D        | Reached XP level 10. HP: 16/57 MP: 21/28
   726 | D        | Got a serpentine rune of Zot
   728 | D        | Reached skill level 10 in Conjurations
   728 | D        | Reached XP level 11. HP: 17/62 MP: 22/29
   812 | D        | Bought a warped buckler for 332 gold pieces
   818 | D        | Identified the +1 buckler of the Arcane {rElec rC+ MP-9
                  | Str+4} (You bought it in a shop in the Dungeon)
   905 | D        | Round 6.
   945 | D        | Reached skill level 15 in Spellcasting
   961 | D        | Reached ****** piety under Vehumet
   961 | D        | Offered knowledge of Bolt of Magma by Vehumet.
   968 | D        | Learned a level 5 spell: Bolt of Magma
  1031 | D        | Noticed a soul eater
  1045 | D        | Killed a soul eater
  1050 | D        | Offered knowledge of Starburst by Vehumet.
  1050 | D        | Arena points: 990 (+432) [x8]
  1059 | D        | Learned a level 6 spell: Starburst
  1105 | D        | Round 7.
  1195 | D        | Noticed an eight-headed hydra
  1200 | D        | Killed an eight-headed hydra
  1206 | D        | Noticed a death yak
  1213 | D        | Killed a death yak
  1220 | D        | Noticed a seven-headed hydra
  1230 | D        | Killed a seven-headed hydra
  1230 | D        | Offered knowledge of Yara's Violent Unravelling by Vehumet.
  1230 | D        | Arena points: 1557 (+567) [x9]
  1230 | D        | Reached skill level 1 in Polearms
  1246 | D        | Bought a fine iron ring for 45 gold pieces
  1246 | D        | Bought a scintillating amber ring for 45 gold pieces
  1246 | D        | Identified the ring "Biattovy" {rF+ MR+ Str+6 Slay+6} (You
                  | bought it in a shop in the Dungeon)
  1247 | D        | Identified the ring of the Howling Pariah {rElec rC+ Str+2
                  | Int+4 Dex+4} (You bought it in a shop in the Dungeon)
  1248 | D        | Bought a warped platinum ring for 45 gold pieces
  1248 | D        | Identified the ring "Kazer" {rElec AC+4} (You bought it in
                  | a shop in the Dungeon)
  1249 | D        | Bought a smoking steel ring for 45 gold pieces
  1249 | D        | Identified the cursed ring "Gywnox" {rPois rC+ Str-4 Int+2}
                  | (You bought it in a shop in the Dungeon)
  1256 | D        | Bought a faintly humming buckler for 332 gold pieces
  1267 | D        | Identified the +2 buckler "Aqanafot" {Int-5 Dex+4} (You
                  | bought it in a shop in the Dungeon)
  1289 | D        | Round 8.
  1318 | D        | Arena points: 2357 (+800) [x10]
  1357 | D        | Round 9.
  1366 | D        | Bought a potion of experience for 300 gold pieces
  1366 | D        | Reached XP level 12. HP: 67/67 MP: 33/33
  1441 | D        | Offered knowledge of Orb of Destruction by Vehumet.
  1501 | D        | Arena points: 3446 (+1089) [x11]
  1536 | D        | Bought a heavily runed granite ring for 45 gold pieces
  1536 | D        | Identified the ring "Ecrimaas" {+Fly rC- MR++ MP+9 Dex-3}
                  | (You bought it in a shop in the Dungeon)
  1540 | D        | Round 10.
  1543 | D        | Bought a faintly glowing kite shield for 332 gold pieces
  1552 | D        | Noticed a dimme
  1553 | D        | Identified the +3 kite shield of the Hanged Man {rPois MR+
                  | rCorr Str-4} (You bought it in a shop in the Dungeon)
  1580 | D        | Killed a dimme
  1580 | D        | Arena points: 4616 (+1170) [x13]
  1580 | D        | Reached XP level 13. HP: 59/72 MP: 2/34
  1581 | D        | Found the +3 sling "Punk" {acid, rCorr}
  1581 | D        | Got a barnacled rune of Zot
  1597 | D        | Bought a flickering iron ring for 45 gold pieces
  1598 | D        | Identified the ring of Ryzuaged {MR+ Str+3 Dex+4} (You
                  | bought it in a shop in the Dungeon)
  1645 | D        | Bought 2 potions of experience for 600 gold pieces
  1674 | D        | Reached XP level 14. HP: 77/77 MP: 31/35
  1675 | D        | Reached skill level 5 in Shields
  1675 | D        | Reached XP level 15. HP: 81/81 MP: 32/37
  1676 | D        | Reached XP level 16. HP: 87/87 MP: 32/38
  1778 | D        | Learned a level 7 spell: Orb of Destruction
  1782 | D        | Round 11.
  1819 | D        | Offered knowledge of Ignition by Vehumet.
  1830 | D        | Reached skill level 10 in Fire Magic
  1873 | D        | Reached skill level 15 in Conjurations
  1874 | D        | Arena points: 6464 (+1848) [x14]
  1926 | D        | Bought 5 scrolls of amnesia for 175 gold pieces
  1926 | D        | Round 12.
  1931 | D        | Reached skill level 1 in Fighting
  1987 | D        | Arena points: 8444 (+1980) [x15]
  2002 | D        | Round 13.
  2014 | D        | Learned a level 8 spell: Ignition
  2043 | D        | Offered knowledge of Lehudib's Crystal Spear by Vehumet.
  2043 | D        | Offered knowledge of Fire Storm by Vehumet.
  2043 | D        | Offered knowledge of Absolute Zero by Vehumet.
  2089 | D        | Reached skill level 5 in Polearms
  2096 | D        | Arena points: 10732 (+2288) [x16]
  2141 | D        | Round 14.
  2268 | D        | Arena points: 13350 (+2618) [x17]
  2277 | D        | Bought 3 scrolls of blinking for 225 gold pieces
  2277 | D        | Bought 8 scrolls of enchant weapon for 600 gold pieces
  2306 | D        | Bought 5 potions of haste for 350 gold pieces
  2306 | D        | Bought 6 potions of magic for 336 gold pieces
  2313 | D        | Bought 3 potions of experience for 900 gold pieces
  2314 | D        | Reached XP level 17. HP: 93/93 MP: 41/41
  2315 | D        | Reached XP level 18. HP: 99/99 MP: 42/42
  2316 | D        | Reached XP level 19. HP: 104/104 MP: 43/43
  2323 | D        | Round 15.
  2328 | D        | Learned a level 8 spell: Lehudib's Crystal Spear
  2333 | D        | Noticed Agnes
  2351 | D        | Killed Agnes
  2351 | D        | Arena points: 16485 (+3135) [x19]
  2351 | D        | Reached skill level 5 in Translocations
  2352 | D        | Got a clouded emerald amulet
  2352 | D        | Got a mossy rune of Zot
  2355 | D        | Reached XP level 20. HP: 69/110 MP: 4/45
  2540 | D        | Round 16.
  2552 | D        | Identified the amulet "Voreluk" {Reflect +Inv Str+4 Int+3
                  | SH+5 Stlth+} (You found it in the Dungeon)
  2671 | D        | Reached skill level 15 in Fire Magic
  2695 | D        | Arena points: 21605 (+5120) [x20]
  2714 | D        | Bought 3 potions of experience for 900 gold pieces
  2714 | D        | Bought a potion of experience for 300 gold pieces
  2714 | D        | Reached XP level 21. HP: 117/117 MP: 17/47
  2715 | D        | Reached XP level 22. HP: 122/122 MP: 17/48
  2716 | D        | Reached XP level 23. HP: 126/126 MP: 17/49
  2717 | D        | Reached XP level 24. HP: 133/133 MP: 18/49
  2718 | D        | Round 17.
  2728 | D        | Learned a level 9 spell: Fire Storm
  2794 | D        | Noticed Geryon
  2828 | D        | Killed Geryon
  2828 | D        | Reached skill level 10 in Stealth
  2844 | D        | Arena points: 25889 (+4284) [x21]
  2890 | D        | Round 18.
  2892 | D        | Bought a fine tin ring for 45 gold pieces
  2892 | D        | Noticed an ancient lich
  2894 | D        | Identified the ring "Doestrur" {rN+ Str+3} (You bought it
                  | in a shop in the Dungeon)
  2900 | D        | Killed an ancient lich
  2913 | D        | Noticed Frederick
  2922 | D        | Killed Frederick
  2922 | D        | Reached XP level 25. HP: 58/139 MP: 25/51
  3033 | D        | Reached skill level 5 in Fighting
  3034 | D        | Arena points: 30641 (+4752) [x22]
  3051 | D        | Bought 3 potions of heal wounds for 105 gold pieces
  3051 | D        | Bought 3 potions of heal wounds for 105 gold pieces
  3058 | D        | Bought 5 potions of haste for 350 gold pieces
  3073 | D        | Round 19.
  3087 | D        | Bought a pitted iron ring for 45 gold pieces
  3087 | D        | Bought a crude jade ring for 45 gold pieces
  3088 | D        | Identified the ring "Xyahys" {*Drain +Blink rN++ Str+2
                  | Stlth+} (You bought it in a shop in the Dungeon)
  3090 | D        | Identified the ring "Goipigy" {rC+ MR+} (You bought it in a
                  | shop in the Dungeon)
  3188 | D        | Arena points: 36322 (+5681) [x23]
  3208 | D        | Bought a quad damage for 400 gold pieces
  3258 | D        | Round 20.
  3264 | D        | Noticed Mennas
  3316 | D        | Killed Mennas
  3316 | D        | Arena points: 42822 (+6500) [x25]
  3317 | D        | Got a silver rune of Zot
  3318 | D        | Reached XP level 26. HP: 106/159 MP: 35/53
  3350 | D        | Bought an uncursed staff of fire for 750 gold pieces
  3363 | D        | Bought a Grand Grimoire for 772 gold pieces
  3373 | D        | Learned a level 9 spell: Absolute Zero
  3443 | D        | Bought a scroll of blinking for 150 gold pieces
  3444 | D        | Bought an uncursed ring of see invisible for 225 gold
                  | pieces
  3474 | D        | Bought 6 potions of magic for 336 gold pieces
  3474 | D        | Bought 6 potions of magic for 336 gold pieces
  3474 | D        | Bought a potion of curing for 21 gold pieces
  3475 | D        | Bought a potion of curing for 21 gold pieces
  3475 | D        | Bought 5 potions of berserk rage for 175 gold pieces
  3531 | D        | Round 21.
  3619 | D        | Reached skill level 27 in Spellcasting
  3679 | D        | Arena points: 49920 (+7098) [x26]
  3734 | D        | Round 22.
  3874 | D        | Arena points: 58830 (+8910) [x27]
  3926 | D        | Round 23.
  4015 | D        | Reached skill level 10 in Fighting
  4037 | D        | Reached skill level 5 in Summonings
  4042 | D        | Arena points: 67846 (+9016) [x28]
  4082 | D        | Round 24.
  4215 | D        | Arena points: 77590 (+9744) [x29]
  4246 | D        | Bought 6 potions of brilliance for 168 gold pieces
  4246 | D        | Bought 6 potions of magic for 336 gold pieces
  4246 | D        | Bought 2 potions of magic for 112 gold pieces
  4248 | D        | Bought 6 potions of brilliance for 168 gold pieces
  4248 | D        | Bought 2 potions of mutation for 112 gold pieces
  4249 | D        | Gained mutation: Your spells are a little harder to cast,
                  | but a little more powerful. [potion of mutation]
  4249 | D        | Lost mutation: Your spells are a little harder to cast, but
                  | a little more powerful. [potion of mutation]
  4249 | D        | Gained mutation: Your natural rate of healing is unusually
                  | fast. [potion of mutation]
  4268 | D        | Round 25.
  4304 | D        | Arena points: 88440 (+10850) [x31]
  4305 | D        | Got a slimy rune of Zot
  4306 | D        | Reached XP level 27. HP: 137/172 MP: 13/54
  4463 | D        | Bought a twisted tower shield for 332 gold pieces
  4474 | D        | Identified the +2 tower shield of the Clam {rCorr Str+2
                  | Int-2 Dex+4} (You bought it in a shop in the Dungeon)
  4477 | D        | Round 26.
  4619 | D        | Arena points: 105080 (+16640) [x32]
  4661 | D        | Round 27.
  4662 | D        | Noticed an orb of fire
  4671 | D        | Killed an orb of fire
  4678 | D        | Noticed an ancient lich
  4684 | D        | Killed an ancient lich
  4732 | D        | Noticed an ancient lich
  4752 | D        | Reached skill level 27 in Conjurations
  4752 | D        | Reached skill level 10 in Summonings
  4752 | D        | Reached skill level 10 in Ice Magic
  4771 | D        | Noticed an ancient lich
  4774 | D        | Killed an ancient lich
  4774 | D        | Reached skill level 10 in Air Magic
  4783 | D        | Noticed an orb of fire
  4787 | D        | Reached skill level 10 in Shields
  4787 | D        | Reached skill level 10 in Earth Magic
  4789 | D        | Gained mutation: Scrolls take you a little longer to read.
                  | [an orb of fire]
  4804 | D        | Killed an orb of fire
  4836 | D        | Killed an ancient lich
  4836 | D        | Arena points: 122900 (+17820) [x33]
  4836 | D        | Reached skill level 10 in Dodging
  4836 | D        | Reached skill level 15 in Summonings
  4836 | D        | Reached skill level 15 in Ice Magic
  5010 | D        | Round 28.
  5028 | D        | Lost mutation: Scrolls take you a little longer to read.
                  | [potion of mutation]
  5028 | D        | Lost mutation: Your natural rate of healing is unusually
                  | fast. [potion of mutation]
  5028 | D        | Gained mutation: You occasionally shout uncontrollably at
                  | your foes. [potion of mutation]
  5028 | D        | Gained mutation: Your flesh is heat resistant. (rF+)
                  | [potion of mutation]
  5042 | D        | Reached skill level 10 in Translocations
  5071 | D        | Arena points: 144796 (+21896) [x34]
  5091 | D        | Round 29.
  5145 | D        | Gained mutation: Your spells are a little harder to cast,
                  | but a little more powerful. [a neqoxec]
  5203 | D        | Arena points: 165096 (+20300) [x35]
  5223 | D        | Bought 6 potions of resistance for 420 gold pieces
  5223 | D        | Bought 3 potions of haste for 210 gold pieces
  5231 | D        | Bought 3 potions of heal wounds for 105 gold pieces
  5233 | D        | Bought 4 potions of curing for 84 gold pieces
  5239 | D        | Bought 3 potions of heal wounds for 105 gold pieces
  5239 | D        | Bought 3 potions of heal wounds for 105 gold pieces
  5239 | D        | Bought 4 potions of curing for 84 gold pieces
  5276 | D        | Round 30.
  5277 | D        | Noticed Ereshkigal
  5283 | D        | Killed Ereshkigal
  5283 | D        | Arena points: 182856 (+17760) [x37]
  5284 | D        | Got a scorched hat
  5284 | D        | Got a bone rune of Zot
  5295 | D        | Learned a level 8 spell: Summon Horrible Things
  5470 | D        | Round 31.
  5502 | D        | Arena points: 212306 (+29450) [x38]
  5521 | D        | Identified the +0 hat of Xanoamak {+Blink rPois MR+} (You
                  | found it in the Dungeon)
  5556 | D        | Round 32.
  5557 | D        | Noticed Axoadoagg the pandemonium lord
  5558 | D        | Noticed Qepp the pandemonium lord
  5562 | D        | Killed Qepp the pandemonium lord
  5563 | D        | Killed Axoadoagg the pandemonium lord
  5563 | D        | Reached skill level 27 in Fire Magic
  5569 | D        | Noticed Xyudghe the pandemonium lord
  5571 | D        | Killed Atacroq the pandemonium lord
  5571 | D        | Reached skill level 15 in Air Magic
  5573 | D        | Killed Xyudghe the pandemonium lord
  5573 | D        | Reached skill level 5 in Evocations
  5573 | D        | Noticed Tutouh Urowk the pandemonium lord
  5574 | D        | Noticed Heyxzorgh the pandemonium lord
  5574 | D        | Noticed Paitu the pandemonium lord
  5575 | D        | Noticed Miriney the pandemonium lord
  5576 | D        | Killed Miriney the pandemonium lord
  5581 | D        | Killed Tutouh Urowk the pandemonium lord
  5582 | D        | Killed Paitu the pandemonium lord
  5583 | D        | Noticed Nuluor the pandemonium lord
  5587 | D        | Killed Nuluor the pandemonium lord
  5587 | D        | Killed Heyxzorgh the pandemonium lord
  5593 | D        | Got the Orb of Zot
  5594 | D        | Arena points: 244754 (+32448) [x39]
  5656 | D        | Round 33.
  5663 | D        | Identified the +7 sceptre of Asmodeus
  5663 | D        | Noticed Asmodeus
  5666 | D        | Killed Asmodeus
  5666 | D        | Arena points: 267755 (+23001) [x41]
  5666 | D        | Reached skill level 15 in Translocations
  5666 | D        | Reached skill level 15 in Earth Magic
  5667 | D        | Got an encrusted hat
  5667 | D        | Got an obsidian rune of Zot
  5669 | D        | Noticed Jimit the pandemonium lord
  5674 | D        | Escaped with the Orb!

Illustrated notes

Levels and vault maps discovered:
D:        arena_sprint

Skill      XL: |  1  2  3  4  5  6  7  8  9 10 11 12 13 14 15 16 17 18 19 20 21 22 23 24 25 26 27 |
---------------+----------------------------------------------------------------------------------+-----
Dodging        | 4 5 7 8 13 | 13.4
Stealth        | 5 6 7 9 10 | 10.2
Spellcasting   | 9 11 13 14 17 18 20 21 22 24 26 27 | 27.0
Conjurations   | 2 3 5 7 9 10 13 14 16 17 18 21 23 27 | 27.0
Fire Magic     | 1 3 4 5 7 9 12 13 14 15 16 17 18 20 27 | 27.0
Air Magic      | 1 3 4 5 9 16 | 16.8
Poison Magic   | 1 3 5 |  5.0
Evocations     | 1 2 3 6 |  6.2
Translocations | 2 4 5 6 7 8 15 | 15.2
Ice Magic      | 3 6 22 | 22.8
Earth Magic    | 3 4 6 7 8 15 | 15.3
Polearms       | 1 5 6 9 |  9.1
Shields        | 4 5 7 8 11 | 11.0
Fighting       | 1 2 3 7 10 11 | 11.7
Summonings     | 6 22 | 22.8

Action                   |  1- 3 |  4- 6 |  7- 9 | 10-12 | 13-15 | 16-18 | 19-21 | 22-24 | 25-27 || total
-------------------------+-------+-------+-------+-------+-------+-------+-------+-------+-------++-------
Melee: Dagger            |       |    25 |    13 |       |       |       |       |       |       ||    38
       Constrict         |       |     7 |       |     1 |       |     2 |     1 |       |     1 ||    12
       Tentacles         |       |     4 |     3 |     1 |       |     4 |       |       |       ||    12
       Demon trident     |       |       |       |     3 |       |    26 |     4 |       |     7 ||    40
       Staff             |       |       |       |       |       |       |       |       |     1 ||     1
 Cast: Magic Dart        |       |    22 |    16 |    69 |       |    44 |     9 |    11 |    51 ||   222
       Mephitic Cloud    |       |     6 |     5 |     5 |       |     9 |     1 |       |     1 ||    27
       Foxfire           |       |     9 |    15 |     3 |       |     4 |       |       |       ||    31
       Blink             |       |     3 |       |     2 |       |     9 |     8 |     5 |    14 ||    41
       Conjure Flame     |       |     2 |       |       |       |       |       |       |       ||     2
       Sticky Flame      |       |       |     9 |     1 |       |     7 |     3 |       |     2 ||    22
       Airstrike         |       |       |     4 |     8 |       |       |     3 |     6 |     7 ||    28
       Iskenderun's Batt |       |       |     3 |    13 |       |     6 |     4 |     2 |     6 ||    34
       Bolt of Magma     |       |       |       |    11 |       |     5 |     3 |       |     8 ||    27
       Shock             |       |       |       |     2 |       |       |       |       |       ||     2
       Frozen Ramparts   |       |       |       |     2 |       |       |       |       |       ||     2
       Starburst         |       |       |       |     1 |       |       |       |       |       ||     1
       Orb of Destructio |       |       |       |       |       |    21 |    14 |     8 |   106 ||   149
       Ignition          |       |       |       |       |       |       |     5 |     2 |     2 ||     9
       Lehudib's Crystal |       |       |       |       |       |       |       |     2 |     7 ||     9
       Fire Storm        |       |       |       |       |       |       |       |     2 |    75 ||    77
       Absolute Zero     |       |       |       |       |       |       |       |       |     5 ||     5
Evoke: Wand              |     1 |     2 |       |     9 |     1 |       |       |       |       ||    13
       Quad damage       |       |       |       |       |       |       |       |       |     1 ||     1
       Phantom mirror    |       |       |       |       |       |       |       |       |     1 ||     1
  Use: Potion            |       |     1 |     4 |     4 |     3 |     4 |     4 |    10 |    29 ||    59
       Scroll            |       |       |       |       |       |     8 |       |       |     2 ||    10
 Stab: Confused          |       |     3 |     1 |     1 |       |     4 |     1 |       |       ||    10
Armor: Skin              |       |     2 |     2 |     2 |       |     9 |     3 |       |     3 ||    21
Dodge: Dodged            |     1 |    11 |     7 |     6 |       |     8 |     4 |     2 |    17 ||    56
Block: Buckler           |       |       |       |     2 |       |       |       |       |       ||     2
       Kite shield       |       |       |       |       |       |    11 |    14 |     6 |    18 ||    49
       Reflection        |       |       |       |       |       |       |       |     1 |     8 ||     9

Table legend: (Time is in decaauts)
 A = Elapsed time spent in this place.
 B = Non-inter-level travel time spent in this place.
 C = Inter-level travel time spent in this place.
 D = Time resting spent in this place.
 E = Time spent auto-exploring this place.
 F = Levels seen in this place.
 G = Mean time per level.
                   A        B        C        D        E       F      G
               +--------+--------+--------+--------+--------+-----+--------+
         Total |   5510 |   5489 |     21 |    664 |    515 |   1 | 5510.0 |
       Dungeon |   5510 |   5489 |     21 |    664 |    515 |   1 | 5510.0 |
               +--------+--------+--------+--------+--------+-----+--------+

Top non-repeatable levels by time:
       D: 5510 daAuts
